 Dungeon Crawl Stone Soup version 0.31-a0-620-gd1cbd99268 (webtiles) character file.

Game seed: 9862340836979039501

25 Dirtsage the Changeling (level 3, 0/22 (23) HPs)
             Began as an Octopode Shapeshifter on Aug 23, 2023.
             Slain by Terence
             ... wielding the +7 Throatcutter {drain, coup de grace}
              (10 damage)
             ... on level 2 of the Dungeon.
             The game lasted 00:01:41 (1454 turns).

Dirtsage the Changeling (Octopode Shapeshifter)     Turns: 1454, Time: 00:01:42

HP:   0/22 (23)     AC:  1    Str: 16    XL:     3   Next: 6%
MP:   3/3           EV: 13    Int: 10    God:
Gold: 45            SH:  0    Dex: 12    Spells: 2/2 levels left

rFire   . .          .
                       - Unarmed
rCold   . . .        (no shield)
rNeg    . . .        (helmet currently unavailable)
rPois   .            (no amulet)
rElec   .            n - ring of flight
rCorr   .            (no ring)
SInv    .            (no ring)
Will    .....        (no ring)
Stlth   ++           (no ring)
HPRegen 0.23/turn    (no ring)
MPRegen 0.08/turn    (no ring)
                     (no ring)

%: no passive effects
@: beast-form, flying, lightly drained
A: beast (slay +2), almost no armour, amphibious, 8 rings, camouflage 1,
gelatinous body 1, (nimble swimmer 1), tentacles
a: Begin Untransformation


You were on level 2 of the Dungeon.
You were a hulking beast.
You visited 1 branch of the dungeon, and saw 2 of its levels.

You collected 45 gold pieces.

Inventory:

Magical Staves
 e - a staff of conjuration
Jewellery
 n - a ring of flight (left tentacle)
Talismans
 b - a beast talisman (active)
 c - a flux talisman
 j - a blade talisman
 m - a blade talisman
Scrolls
 f - a scroll of enchant weapon {unknown}
 g - a scroll of teleportation {unknown}
 i - a scroll of fog {unknown}
 k - a scroll of immolation {unknown}
 l - 2 scrolls of blinking {unknown}
Potions
 a - a potion of lignification
 d - a potion of brilliance {unknown}
 h - a potion of curing {unknown}


   Skills:
 - Level 1.0 Fighting
 - Level 2.0 Dodging
 + Level 3.4 Unarmed Combat
 * Level 3.6 Shapeshifting


You had 2 spell levels left.
You didn't know any spells.
Your spell library was empty.

Dungeon Overview and Level Annotations

Branches:
Dungeon (2/15)

Altars:

Annotations:
D:2 Terence


Innate Abilities, Weirdness & Mutations

You are a hulking beast.
Your limbs bulge with bestial killing power. (Slay +2)
You cannot wear most types of armour.
You are amphibious.
You can wear up to eight rings at the same time.
Your skin changes colour to match your surroundings (Stealth+).
Your rubbery body absorbs attacks. (AC +1, EV +1)
((You are camouflaged when in or above water. (Stealth+)))
You have tentacles for arms and can constrict up to eight enemies at once.


Message History

You see here a +0 leather armour.
You see here the +7 mace of Chagrin {speed, Int+3}.
l - 2 scrolls labelled GULLIRH YDALURR (gained 1)
Found a faded altar of an unknown god.
m - a blade talisman
There is a dry fountain here.
There is an empty arch of ancient stone here.
There is a dry fountain here.
n - a ring of flight You fly up into the air.
n - a ring of flight (left tentacle)
You reach down and open the gate.
There is an open gate here.
You now have 45 gold pieces (gained 12).
Terence the Incautious comes into view.
He is wielding the +7 Throatcutter {drain, coup de grace}.
A quokka comes into view.
The helpless Terence fails to defend himself.
You tentacle-slap Terence. You grab Terence.
Terence is moderately wounded.
You constrict Terence, but do no damage.
Terence closely misses you.
You tentacle-slap Terence.
Terence is heavily wounded.
You constrict Terence, but do no damage.
Terence shouts, "DIE!!!"
Terence misses you.
You tentacle-slap Terence.
Terence is severely wounded.
You constrict Terence, but do no damage.
Terence hits you with the +7 Throatcutter {drain, coup de grace}!
You feel drained. The quokka bites you.
You take 13 damage, and have 10/22 hp.
MASSIVE DAMAGE!!
You are too injured to fight recklessly!
You are too injured to fight recklessly!
You are too injured to fight recklessly!
You tentacle-slap Terence.
Terence is almost dead.
You constrict Terence.
Terence hits you with the +7 Throatcutter {drain, coup de grace}!
You die...

8#∩#...# #.....§≈###§≈.....##
###..⌠.######....≈≈## ##§≈.§..##
.#8.⌠..#...#....≈≈## ##≈≈..§.#
.##...#(.# +....≈# ##§§...+
.#.###.### +...≈§# #≈≈...+
.........# +....≈## ##≈....+
.####.##.###....≈≈## ##≈§....#
......#...###..@.≈≈## ##§≈..§.##
.###....#..##..rh.≈§###≈≈.....##
## #......#.##.....§§§≈§.....##
.........##.###......≈......##
####...####<####...........##
..........####.........##
##...........###.....###
#######..#######+++###
##......... #.########


You could see Terence and a quokka.

Vanquished Creatures
  2 dart slugs
  A bat (D:1)
  2 endoplasms
  2 giant cockroaches
  A goblin (D:2)
  3 hobgoblins (D:1)
  2 ball pythons (D:1)
  A frilled lizard (D:1)
  4 kobolds (D:1)
  2 rats (D:1)
20 creatures vanquished.

Notes
Turn   | Place    | Note
-------+----------+-------------------------------------------
     0 | D:1      | Dirtsage the Octopode Shapeshifter began the quest for the
                  | Orb.
     0 | D:1      | Reached XP level 1. HP: 13/13 MP: 1/1
   258 | D:1      | Reached XP level 2. HP: 18/18 MP: 2/2
  1126 | D:2      | Reached XP level 3. HP: 18/23 MP: 3/3
  1269 | D:2      | Identified the +7 mace of Chagrin {speed, Int+3}
  1377 | D:2      | Found a faded altar of an unknown god.
  1444 | D:2      | Noticed Terence
  1454 | D:2      | Slain by Terence

Illustrated notes

Levels and vault maps discovered:
D:1:      lemuel_arrival_behind_the_door_small, layout_loops_corners,
          serial_forest, infiniplex_forest_straight_1,
          infiniplex_forest_clump_tiny, infiniplex_forest_straight_4,
          infiniplex_forest_end_2, infiniplex_forest_corner_1,
          infiniplex_forest_straight_3, infiniplex_forest_straight_3,
          infiniplex_forest_lined_corner, infiniplex_forest_zigzag_1,
          infiniplex_forest_straight_1, minmay_hedge_maze
D:2:      layout_loops_ring, shapermc_ecumenical_altar_venn, kennysheep_donut,
          uniq_terence

Action                     || total
---------------------------++-------
  Melee: Unarmed           ||    42
         Constrict         ||    15
         Tentacles         ||     5
   Stab: Sleeping          ||     5
 Armour: Skin              ||     1
  Dodge: Dodged            ||    17

Table legend: (Time is in decaauts)
 A = Elapsed time spent in this place.
 B = Non-inter-level travel time spent in this place.
 C = Inter-level travel time spent in this place.
 D = Time resting spent in this place.
 E = Time spent auto-exploring this place.
 F = Levels seen in this place.
 G = Mean time per level.
                   A        B        C        D        E       F      G
               +--------+--------+--------+--------+--------+-----+--------+
         Total |   1450 |   1424 |     26 |      0 |   1294 |   2 |  725.0 |
       Dungeon |   1450 |   1424 |     26 |      0 |   1294 |   2 |  725.0 |
               +--------+--------+--------+--------+--------+-----+--------+

Top non-repeatable levels by time:
     D:1: 1067 daAuts
     D:2: 383 daAuts
